 Dungeon Crawl Stone Soup version 0.31.0-11-ge490571c62 (webtiles) character file.

Game seed: 12319733069844126544

25 qw the Shooter (level 2, 0/16 HPs)
             Began as a Deep Elf Hunter on Feb 3, 2024.
             Slain by an adder (3 damage)
             ... on level 2 of the Dungeon.
             The game lasted 00:00:12 (719 turns).

qw the Shooter (Deep Elf Hunter)                     Turns: 719, Time: 00:00:12

Health: 0/16       AC:  6    Str:  8    XL:     2   Next: 86%
Magic:  4/4        EV:  8    Int: 13    God:
Gold:   31         SH:  0    Dex: 18    Spells: 1/1 levels left

rFire   . . .        a - +0 shortbow
rCold   . . .        (shield currently unavailable)
rNeg    . . .        e - +0 scale mail
rPois   .            (no helmet)
rElec   .            (no cloak)
rCorr   .            (no gloves)
SInv    .            (no boots)
Will    .....        (no amulet)
Stlth   +            (no ring)
HPRegen 0.22/turn    (no ring)
MPRegen 0.09/turn

%: no passive effects
@: no status effects
A: no striking features
a: no special abilities


You were on level 2 of the Dungeon.
You visited 1 branch of the dungeon, and saw 2 of its levels.

You collected 31 gold pieces.


   Skills:
 - Level 1.5 Fighting
 + Level 6.5 Ranged Weapons
 - Level 2.4 Dodging
 - Level 1.2 Stealth


You had one spell level left.
You didn't know any spells.
Your spell library was empty.

Inventory:

Hand Weapons
 a - a +0 shortbow (weapon)
Armour
 e - a +0 scale mail (worn)
Potions
 d - a potion of ambrosia {unknown}

Dungeon Overview and Level Annotations

Branches:
Dungeon (2/15)

Altars:


Message History

The arrow hits the quokka but does no damage.
An adder comes into view.
You shoot an arrow. The adder hisses angrily.
The arrow hits the quokka but does no damage.
You shoot an arrow. The arrow hits the quokka!
You kill the quokka!
You shoot an arrow. The arrow barely misses the adder.
You shoot an arrow. The arrow closely misses the adder.
The adder bites you.
You are poisoned.
The adder poisons you!
You shoot an arrow. The arrow closely misses the adder.
You feel sick. The adder bites you but does no damage. The adder bites you.
You shoot an arrow. The arrow closely misses the adder.
You feel sick. The adder barely misses you. x2
You shoot an arrow. The arrow barely misses the adder.
You feel sick. The adder bites you but does no damage.
The adder closely misses you.
You shoot an arrow. The arrow barely misses the adder.
You feel sick.
You are no longer poisoned.
The adder bites you but does no damage. x2
You shoot an arrow.
The arrow hits the adder but does no damage.
The adder bites you but does no damage. x2
You shoot an arrow. The arrow barely misses the adder.
The adder bites you but does no damage. The adder bites you.
You are poisoned.
The adder poisons you!
You shoot an arrow. The arrow hits the adder!
The adder is severely wounded.
You feel sick. The adder barely misses you. x2
You shoot an arrow. The arrow completely misses the adder.
You feel sick. The adder bites you but does no damage.
You shoot an arrow. The arrow barely misses the adder.
You feel sick.
You are no longer poisoned.
The adder bites you but does no damage. The adder bites you.
You die...

#.#.. #.#.#
#.#.# #.#.#
#.#.#
####.#.####
#.........###
#.##.#......#
#@##.#...<.(##
#S##.#.......#
#.############
#.# #.# #.#
..# ..#


You could see an adder.

Vanquished Creatures
  2 dart slugs (D:1)
  A ball python (D:1)
  3 endoplasms (D:1)
  2 giant cockroaches (D:1)
  2 goblins (D:1)
  2 quokkas
  3 bats (D:1)
  2 kobolds (D:1)
  2 rats (D:1)
19 creatures vanquished.

Notes
Turn   | Place    | Note
-------+----------+-------------------------------------------
     0 | D:1      | qw the Deep Elf Hunter began the quest for the Orb.
     0 | D:1      | Reached XP level 1. HP: 12/12 MP: 3/3
     0 | D:1      | 0 ||| qw: Version: 0.3-a-155-g5e7d8dd
     0 | D:1      | 0 ||| qw: Game counter: 3527
     0 | D:1      | 0 ||| qw: Melee chars always use a shield: true
     0 | D:1      | 0 ||| qw: God list: Okawaru
     0 | D:1      | 0 ||| qw: Allow faded altars: false
     0 | D:1      | 0 ||| qw: Do Orc after clearing Dungeon:15 true
     0 | D:1      | 0 ||| qw: Do second Lair branch before Depths: true
     0 | D:1      | 0 ||| qw: Lair rune preference: random
     0 | D:1      | 0 ||| qw: Goals: Normal
     0 | D:1      | 0 ||| PLANNING D:1-11
   242 | D:1      | Reached skill level 6 in Ranged Weapons
   242 | D:1      | Reached XP level 2. HP: 16/16 MP: 4/4
   660 | D:1      | 660 ||| UPGRADING to +0 scale mail.
   670 | D:1      | 670 ||| DROPPING +0 leather armour.
   671 | D:1      | 671 ||| READING scroll labelled BUAC SUIKH.
   672 | D:1      | 672 ||| DROPPING scroll of butterflies.
   717 | D:2      | HP: 4/16 [poisoned by an adder]
   719 | D:2      | Slain by an adder

Levels and vault maps discovered:
D:1:      dpeg_arrival_castle, layout_basic
D:2:      layout_loops_ring, uniq_robin, uniq_crazy_yiuf_cottage

Skill      XL: |  1 |
---------------+----+-----
Ranged Weapons | 6 |  6.5
Fighting       | |  1.5
Dodging        | |  2.4
Stealth        | |  1.2

Action                     || total
---------------------------++-------
   Fire: Shortbow          ||    54
    Use: Scroll            ||     1
 Armour: Scale mail        ||    13
         Leather armour    ||     2
  Dodge: Dodged            ||     7

Table legend:
 A = Non-vault XP
 B = Vault XP
 C = Vault XP percentage of total XP
 D = Non-vault monster count
 E = Vault monster count
 F = Vault count percentage of total count
                 A         B        C        D         E       F
            +---------+---------+-------+---------+---------+-------
      Total |      37 |       0 |   0.0 |      19 |       0 |   0.0
            +---------+---------+-------+---------+---------+-------
        D:1 |      35 |       0 |   0.0 |      18 |       0 |   0.0
        D:2 |       2 |       0 |   0.0 |       1 |       0 |   0.0
            +---------+---------+-------+---------+---------+-------
